 Dungeon Crawl Stone Soup version 0.31-a0-810-ga77100ea1a (webtiles) character file.

Game seed: 2813363082258331780

7297 Newt the Markskobold (level 11, -11/63 HPs)
             Began as a Kobold Hunter on Sept 21, 2023.
             Was a Priest of Hepliaklqana.
             Mangled by a queen bee (16 damage)
             ... on level 9 of the Dungeon.
             The game lasted 00:08:07 (8864 turns).

Newt the Markskobold (Kobold Hunter)                Turns: 8864, Time: 00:08:08

Health: -11/63     AC:  5    Str:  9    XL:     11   Next: 34%
Magic:  11/11      EV: 24    Int: 17    God:    Hepliaklqana [***...]
Gold:   322        SH:  0    Dex: 30    Spells: 10/10 levels left

rFire   . . .        a - +1 shortbow (freeze)
rCold   . . .        (shield currently unavailable)
rNeg    + . .        c - +0 leather armour
rPois   +            G - +0 hat
rElec   .            (no cloak)
rCorr   .            g - +0 pair of gloves of Courage {rPois rN+ Slay+2}
SInv    .            (no boots)
Will    .....        (no amulet)
Stlth   +++          i - ring of wizardry
HPRegen 0.30/turn    x - ring of Pride {Int+6 Dex+8 Slay-2}
MPRegen 0.12/turn

%: wizardry (x1)
@: lethally poisoned (-11 -> -16)
A: reduced essence, small, no large weapons, nightstalker 3, shaggy fur 1
a: Renounce Religion, Recall Ancestor, Ancestor Identity, Transference


You were on level 9 of the Dungeon.
You worshipped Hepliaklqana.
Hepliaklqana was most pleased with you.
You visited 1 branch of the dungeon, and saw 9 of its levels.

You collected 617 gold pieces.
You spent 295 gold pieces at shops.

Inventory:

Hand Weapons
 a - a +1 shortbow of freezing (weapon)
Missiles
 r - 3 throwing nets
Armour
 c - a +0 leather armour (worn)
 g - the +0 pair of gloves of Courage (worn) {rPois rN+ Slay+2}
   (You found it on level 3 of the Dungeon)

   Slay+2:    It affects your accuracy & damage with ranged weapons and melee
   (+2).
   rPois:     It protects you from poison rN+: It protects you from negative
   energy.
 l - a +0 helmet
 G - a +0 hat (worn)
Jewellery
 i - a ring of wizardry (left hand)
 s - a ring of ice
 x - the ring of Pride (right hand) {Int+6 Dex+8 Slay-2}
   (You acquired it on level 7 of the Dungeon)

   [ring of intelligence]

   Int+6:     It affects your intelligence (+6).
   Dex+8:     It affects your dexterity (+8).
   Slay-2:    It affects your accuracy & damage with ranged weapons and melee
   (-2).
 D - an amulet of magic regeneration
 F - a ring of protection from fire
 H - an amulet of faith
Wands
 m - a wand of polymorph (5)
 v - a wand of mindburst (12)
Scrolls
 e - 2 scrolls of vulnerability
 h - a scroll of enchant armour
 k - a scroll of blinking
 n - 2 scrolls of poison {unknown}
 t - a scroll of summoning
 w - a scroll of silence
 y - 3 scrolls of brand weapon
 z - 2 scrolls of immolation
 A - 2 scrolls of teleportation
 B - a scroll of fear {unknown}
 E - 2 scrolls of amnesia {unknown}
Potions
 b - 2 potions of mutation
 d - 4 potions of attraction
 f - 4 potions of curing
 j - a potion of ambrosia
 o - 2 potions of brilliance
 p - 2 potions of heal wounds
 q - a potion of enlightenment
 u - a potion of degeneration
 C - a potion of berserk rage {unknown}
 I - 2 potions of magic {unknown}
 J - a potion of might {unknown}


   Skills:
 - Level 9.1 Fighting
 + Level 16.1 Ranged Weapons
 - Level 9.0 Dodging
 - Level 1.3 Stealth
 - Level 8.0 Evocations


You had 10 spell levels left.
You didn't know any spells.
Your spell library contained the following spells:

 Spells                   Type           Power      Damage    Failure   Level
 Slow                     Hex            0%         N/A       13%         1
 Confusing Touch          Hex            0%         N/A       36%         3
 Hailstorm                Conj/Ice       0%         3d3       36%         3
 Ignite Poison            Fire/Tmut/Pois 0%         N/A       36%         3
 Sigil of Binding         Hex            0%         N/A       36%         3
 Tukima's Dance           Hex            0%         N/A       36%         3
 Vampiric Draining        Necr           0%         2d6       36%         3
 Passage of Golubria      Tloc           0%         N/A       75%         4
 Sticky Flame             Conj/Fire      0%         2d3       75%         4
 Summon Ice Beast         Ice/Summ       0%         N/A       75%         4
 Yara's Violent Unravell  Hex/Tmut       0%         3d3       97%         5
 Simulacrum               Ice/Necr       0%         N/A       100%        6
 Ignition                 Fire           0%         3d3       100%        8


Dungeon Overview and Level Annotations

Branches:
Dungeon (9/15)             Temple (0/1) D:5
   Lair: D:8-11         Orc: D:9-12

Altars:
Fedhas
Hepliaklqana
Qazlal
Ru
Trog
Uskayaw

Shops:
D:1 (   D:4 [   D:6 !   D:7 (*   D:9 [

Annotations:
D:8 1 transporter


Innate Abilities, Weirdness & Mutations

Your life essence is reduced to manifest your ancestor. (-10% HP)
You are small and have problems with some larger weapons.
You are completely attuned to the shadows.
You are covered in fur. (AC +1)


Message History

The arrow hits the queen bee but does no damage.
The queen bee is heavily wounded.
You feel sick. The killer bee completely misses you.
Unknown command.
You shoot an arrow. The arrow hits the killer bee!
The arrow freezes the killer bee.
You kill the killer bee!
You feel sick.
Unknown command.
You shoot an arrow. The arrow hits the queen bee!
The arrow freezes the queen bee.
The queen bee is severely wounded.
You feel sick.
The killer bee rages.
Unknown command.
You shoot an arrow. The arrow barely misses the queen bee.
You feel sick. The killer bee stings you!
You are more poisoned.
The killer bee poisons you!
Unknown command.
You shoot an arrow.
The arrow hits the queen bee but does no damage.
The queen bee is severely wounded.
You feel sick. The killer bee completely misses you. The killer bee misses you.
The queen bee closely misses you.
Unknown command.
You shoot an arrow. The arrow misses the killer bee.
The arrow hits the killer bee.
The arrow freezes the killer bee.
The killer bee is moderately wounded.
You feel sick.
The killer bee rages.
The killer bee barely misses you. The killer bee misses you.
The queen bee closely misses you. The killer bee misses you.
You shoot an arrow.
The arrow completely misses the killer bee.
The arrow misses the killer bee.
The arrow barely misses the killer bee.
You feel sick. The killer bee stings you!
* * * LOW HITPOINT WARNING * * *
The killer bee completely misses you. The queen bee stings you!
You die...

#..)†..#
#.#
#.....)#
#.#
#......#
#.#
#......#
####.#####
#......>
..........
#......#
####.#####
##.#####
#.# #..###
###.#
##.y@#
#...# ###y#
#.### #y#
####'######
.y†
#....<....#
.....
#.###.###.#
...†!!# +
#...#.#
#.#.#.##
#.#.#.'.
### #.##


You could see a queen bee and 3 killer bees.

Vanquished Creatures
  Gastronok (D:9)
  A two-headed ogre (D:9)
  A hornet (D:9)
  Grinder (D:5)
  A wyvern (D:9)
  3 yaks (D:9)
  A steam dragon (D:9)
  A water moccasin (D:6)
  An orc warrior (D:5)
  A sky beast (D:6)
  A black bear (D:7)
  2 ogres (D:5)
  A centaur (D:9)
  A phantom (D:7)
  Blork the orc (D:5)
  2 bullfrogs
  4 kobold brigands
  2 gnoll sergeants (D:7)
  3 scorpions
  3 wights (D:7)
  18 killer bees
  An electric eel (D:6)
  2 howler monkeys (D:7)
  2 hounds (D:5)
  A gnoll bouda (D:7)
  4 orc priests
  4 jellies
  A sleepcap (D:7)
  13 orc wizards
  2 iguanas
  6 adders
  19 gnolls
  2 white imps (D:8)
  An ufetubus (D:4)
  A worm (D:2)
  A dart slug (D:1)
  25 orcs
  8 ball pythons
  8 bats
  8 endoplasms
  5 giant cockroaches
  3 goblins (D:1)
  6 hobgoblins
  3 quokkas (D:1)
  3 frilled lizards
  35 kobolds
  4 rats
218 creatures vanquished.

Vanquished Creatures (collateral kills)
  Joseph (D:8)
  2 steam dragons
  A kobold brigand (D:7)
  A bullfrog (D:7)
  2 killer bees
  An orc priest (D:9)
  A gnoll bouda (D:7)
  An orc wizard (D:8)
  A gnoll (D:7)
  3 orcs
  3 kobolds
17 creatures vanquished.

Vanquished Creatures (others)
  A knight (D:9)
1 creature vanquished.

Grand Total: 236 creatures vanquished

Notes
Turn   | Place    | Note
-------+----------+-------------------------------------------
     0 | D:1      | Newt the Kobold Hunter began the quest for the Orb.
     0 | D:1      | Reached XP level 1. HP: 12/12 MP: 1/1
   129 | D:1      | Reached XP level 2. HP: 18/18 MP: 2/2
   148 | D:1      | Found Ibasuet's Weapon Boutique.
   418 | D:1      | Reached XP level 3. HP: 23/23 MP: 3/3
  1249 | D:2      | Reached skill level 11 in Ranged Weapons
  1249 | D:2      | Reached XP level 4. HP: 36/36 MP: 4/4
  1251 | D:2      | Found a hide-covered altar of Uskayaw.
  1324 | D:2      | Reached XP level 5. HP: 41/41 MP: 5/5
  1790 | D:3      | Found a blossoming altar of Fedhas.
  1881 | D:3      | Identified the +0 pair of gloves of Courage {rPois rN+
                  | Slay+2}
  2399 | D:4      | Reached XP level 6. HP: 43/46 MP: 6/6
  2670 | D:4      | Found Viug's Armour Boutique.
  2858 | D:4      | Reached skill level 5 in Dodging
  2976 | D:5      | Entered Level 5 of the Dungeon
  2983 | D:5      | Noticed an ogre
  2989 | D:5      | Reached XP level 7. HP: 51/51 MP: 7/7
  3067 | D:5      | Found a stormy altar of Qazlal.
  3071 | D:5      | Found a bloodstained altar of Trog.
  3075 | D:5      | Found a hazy altar of Hepliaklqana.
  3080 | D:5      | Became a worshipper of Hepliaklqana the Forgotten
  3418 | D:5      | Reached XP level 8. HP: 16/56 MP: 8/8
  3831 | D:5      | Noticed Blork the orc
  3834 | D:5      | Killed Blork the orc
  3972 | D:5      | Found a staircase to the Ecumenical Temple.
  3972 | D:5      | Noticed Grinder
  4000 | D:5      | Killed Grinder
  4620 | D:6      | Reached * piety under Hepliaklqana
  4648 | D:6      | Reached XP level 9. HP: 54/54 MP: 9/9
  4661 | D:6      | You fall into a shaft and drop 1 floor!
  4783 | D:7      | Reached skill level 12 in Ranged Weapons
  5173 | D:6      | Found Tupn's Distillery.
  5210 | D:6      | Bought a potion of heal wounds for 65 gold pieces
  5210 | D:6      | Bought 2 potions of mutation for 208 gold pieces
  5719 | D:7      | Gained mutation: You are covered in fur. (AC +1) [potion of
                  | mutation]
  5819 | D:7      | Reached skill level 13 in Ranged Weapons
  6115 | D:7      | Identified a scroll of acquirement
  6165 | D:7      | Acquired the ring of Pride {Int+6 Dex+8 Slay-2}
  6266 | D:7      | Reached ** piety under Hepliaklqana
  6267 | D:7      | Remembered your ancestor Khabaw as a knight
  6394 | D:7      | Found Luqaoh's Weapon Shop.
  6426 | D:7      | Found Waurhejy's General Store.
  6434 | D:7      | Bought a scroll of identify for 22 gold pieces
  7154 | D:8      | Reached XP level 10. HP: 59/59 MP: 10/10
  7155 | D:8      | Reached skill level 14 in Ranged Weapons
  7238 | D:8      | Found a transporter.
  7445 | D:8      | Noticed Joseph
  7456 | D:8      | Killed Joseph
  7892 | D:8      | Found a sacrificial altar of Ru.
  8125 | D:9      | Reached skill level 15 in Ranged Weapons
  8182 | D:9      | Noticed Gastronok
  8201 | D:9      | Killed Gastronok
  8202 | D:9      | Reached skill level 16 in Ranged Weapons
  8463 | D:9      | Reached skill level 5 in Evocations
  8468 | D:9      | Reached XP level 11. HP: 63/63 MP: 11/11
  8643 | D:9      | Reached *** piety under Hepliaklqana
  8675 | D:9      | Found Omiqukurr's Armour Boutique.
  8683 | D:9      | Noticed a two-headed ogre
  8691 | D:9      | Killed a two-headed ogre
  8864 | D:9      | Mangled by a queen bee

Illustrated notes

Levels and vault maps discovered:
D:1:      dpeg_cavernosity, layout_loops_corners, serial_shops,
          nicolae_shop_hallway_plus
D:2:      layout_rooms, basic_altar
D:3:      layout_loops_cross, amcnicky_altar_gilded
D:4:      layout_cave_pools, serial_shops, nicolae_square_shop
D:5:      layout_basic, grunt_temple_overflow_diamond,
          minmay_temple_entry_wispy, uniq_blork_the_orc, uniq_grinder
D:6:      layout_rooms, nicolae_inconvenience_store, chequers_big_river
D:7:      layout_basic, serial_shops,
          nicolae_shop_temple_entry_statues_fountains, serial_co_window_serial,
          co_window_paths_b, co_window_paths_b, co_window_paths_a,
          co_window_paths_a, co_window_paths_a, co_window_paths_a,
          co_window_of_opportunity_b, co_window_corner_b, co_window_paths_c,
          co_window_paths_e, co_window_sun, glass_columns_a, glass_columns_a,
          glass_columns_b, reono_crystal_passage, minmay_misc_feat_hallway,
          minmay_misc_feat_rugged, hangedman_decor_push,
          minmay_shop_grid_forest, minmay_unpleasant_kobolds
D:8:      layout_basic, nicolae_ru_the_path_less_chosen, serial_glass,
          glass_columns_a, glass_columns_b, item_on_display_a,
          item_on_display_a, item_on_display_a, nicolae_sextant,
          nicolae_diode_basic, uniq_joseph
D:9:      layout_roguey [special_room_bee], serial_shops,
          nicolae_shop_competitors_out_of_business, uniq_gastronok

Skill      XL: |  1  2  3  4  5  6  7  8  9 10 11 |
---------------+----------------------------------+-----
Fighting       | 3 9 |  9.1
Ranged Weapons | 11 13 16 | 16.1
Dodging        | 4 5 7 9 |  9.0
Evocations     | 5 8 |  8.0
Stealth        | |  1.3

Action                     |  1- 3 |  4- 6 |  7- 9 | 10-12 || total
---------------------------+-------+-------+-------+-------++-------
   Fire: Shortbow          |    70 |   104 |   272 |   236 ||   682
 Invoke: Ancestor Life: Kn |       |       |     1 |       ||     1
    Use: Scroll            |     3 |     4 |    12 |       ||    19
         Potion            |     1 |     1 |     1 |       ||     3
 Armour: Leather armour    |    12 |     8 |    40 |    28 ||    88
  Dodge: Dodged            |    18 |    21 |    95 |    90 ||   224

Table legend: (Time is in decaauts)
 A = Elapsed time spent in this place.
 B = Non-inter-level travel time spent in this place.
 C = Inter-level travel time spent in this place.
 D = Time resting spent in this place.
 E = Time spent auto-exploring this place.
 F = Levels seen in this place.
 G = Mean time per level.
                   A        B        C        D        E       F      G
               +--------+--------+--------+--------+--------+-----+--------+
         Total |   8797 |   8546 |    251 |    952 |   6599 |   9 |  977.4 |
       Dungeon |   8797 |   8546 |    251 |    952 |   6599 |   9 |  977.4 |
               +--------+--------+--------+--------+--------+-----+--------+

Top non-repeatable levels by time:
     D:7: 1853 daAuts
     D:5: 1444 daAuts
     D:1: 1259 daAuts
     D:8: 978 daAuts
     D:6: 814 daAuts
     D:9: 728 daAuts
     D:3: 687 daAuts
     D:4: 580 daAuts
     D:2: 451 daAuts
